 Dungeon Crawl Stone Soup version 0.31-a0-1172-g9944ec47dd (webtiles) character file.

Game seed: 851765574296232796

11111 ShadedKnight the Grappler (level 11, -2/74 HPs)
             Began as a Gargoyle Reaver on Dec 2, 2023.
             Was an Initiate of Ru.
             Slain by an ogre
             ... wielding a +0 giant spiked club
              (10 damage)
             ... on level 10 of the Dungeon on Dec 10, 2023.
             The game lasted 00:49:26 (12517 turns).

ShadedKnight the Grappler (Gargoyle Reaver)        Turns: 12517, Time: 00:49:27

Health: -2/74      AC: 27    Str: 21    XL:     11   Next: 72%
Magic:  14/14      EV:  6    Int: 19    God:    Ru [......]
Gold:   510        SH:  3    Dex:  8    Spells: 13/14 levels left

rFire   . .          .
                       - Unarmed
rCold   . . .        w - +0 buckler
rNeg    + + .        Q - +0 plate armour
rPois   ∞            i - +0 helmet
rElec   +            E - +1 cloak
rCorr   .            u - +0 pair of gloves
SInv    .            (no boots)
Will    .....        (no amulet) Stlth
                     j - ring of positive energy
HPRegen 0.32/turn    I - +6 ring of intelligence
MPRegen 0.14/turn

%: no passive effects
@: no status effects
A: sickness immunity, AC +8, negative energy resistance 1, electricity
resistance, torment resistance 1, petrification resistance
a: Renounce Religion


You were on level 10 of the Dungeon.
You worshipped Ru.
Ru was noncommittal.
You visited 2 branches of the dungeon, and saw 12 of its levels.

You collected 510 gold pieces.


Innate Abilities, Weirdness & Mutations

You are immune to sickness and miasma.
Your stone body is resilient. (AC +8)
You are immune to poison.
You resist negative energy. (rN+)
You are resistant to electric shocks. (rElec)
You are resistant to unholy torment.
You are immune to petrification.


   Skills:
 + Level 11.2 Fighting
 * Level 9.0 Armour
 - Level 1.5 Dodging
 - Level 3.4 Stealth
 * Level 12.1 Unarmed Combat
 - Level 2.0 Spellcasting
 - Level 3.2 Conjurations
 - Level 4.0 Evocations


You had 13 spell levels left.
You knew the following spells:

 Your Spells              Type           Power      Damage    Failure   Level
a - Kiss of Death         Conj/Necr      32%        2d7       88%         1

Your spell library contained the following spells:

 Spells                   Type           Power      Damage    Failure   Level
 Magic Dart               Conj           56%        1d5       67%         1
 Momentum Strike          Conj/Tloc      16%        3d8       95%         2
 Call Imp                 Summ           2%         N/A       99%         2
 Wereblood                Tmut           1%         N/A       99%         2
 Hailstorm                Conj/Ice       8%         3d5       99%         3
 Frozen Ramparts          Ice            2%         1d1       100%        3
 Mephitic Cloud           Conj/Pois/Air  6%         N/A       100%        3
 Leda's Liquefaction      Hex/Erth       0%         N/A       100%        4
 Petrify                  Tmut/Erth      1%         N/A       100%        4
 Irradiate                Conj/Tmut      4%         3d13      100%        5
 Lee's Rapid Deconstruct  Erth           0%         3d4*      100%        5
 Metabolic Englaciation   Hex/Ice        0%         N/A       100%        5
 Bombard                  Conj/Erth      4%         9d2       100%        6
 Summon Hydra             Summ           0%         N/A       100%        7
 Sublimation of Blood     Necr           Unusable   N/A       N/A         2

Inventory:

Hand Weapons
 e - a +0 sling of electrocution
 h - the +10 long sword of Darkness {drain, rN+ SInv}
   (You found it on level 6 of the Dungeon)

   rN+:       It protects you from negative energy.
   SInv:      It lets you see invisible.
Missiles
 d - 40 poisoned darts (quivered)
 x - 5 atropa-tipped darts
 N - 2 curare-tipped darts
Armour
 i - a +0 helmet (worn)
 q - +0 acid dragon scales
 u - a +0 pair of gloves (worn)
 w - a +0 buckler (worn)
 E - a +1 cloak (worn)
 Q - a +0 plate armour (worn)
Jewellery
 j - a ring of positive energy (left hand)
 n - a ring of fire
 I - a +6 ring of intelligence (right hand)
Wands
 s - a wand of light (13)
 v - a wand of polymorph (7)
 z - a wand of mindburst (3)
 A - a wand of flame (41)
 L - a wand of roots (7)
 P - a wand of paralysis (2)
Scrolls
 a - 2 scrolls of brand weapon {unknown}
 b - 2 scrolls of amnesia
 c - 5 scrolls of immolation
 f - 2 scrolls of fear {unknown}
 g - a scroll of torment {unknown}
 k - a scroll of teleportation
 l - 3 scrolls of vulnerability {unknown}
 o - 2 scrolls of blinking {unknown}
 t - a scroll of revelation {unknown}
 y - 3 scrolls of enchant weapon {unknown}
 B - a scroll of noise {unknown}
 D - a scroll of fog {unknown}
 K - a scroll of poison {unknown}
Potions
 m - 5 potions of brilliance
 r - a potion of attraction
 C - 2 potions of mutation
 H - a potion of haste
 J - 2 potions of lignification
 M - a potion of ambrosia
 O - a potion of invisibility {unknown}

Dungeon Overview and Level Annotations

Branches:
Dungeon (11/15) Zot: 25869  Temple (1/1) D:7 Zot: 5998    Lair (0/5) D:9
    Orc (0/2) D:10

Altars:
Ashenzari
Cheibriados
Dithmenos
Elyvilon
Fedhas
Gozag
Hepliaklqana
Kikubaaqudgha
Makhleb
Nemelex Xobeh
Okawaru
Qazlal
Ru
Sif Muna
Trog
Uskayaw
Vehumet
Wu Jian
Xom
Yredelemnul
Zin
The Shining One

Shops:
D:9 **   D:10 :

Annotations:
D:3 3 runed translucent doors, olddryhag's ghost, amateur GnWn
D:8 exclusion: 2 doors
D:9 exclusion: orange crystal statue
D:10 Gastronok
D:11 Harold ...#####'♣.♣#...### ♣ ...# ♣♣)♣.##....## PP.

####
♣....♣###...#########....
♣......♣###..w...'.......
#♣.....♣..♣#>.#gogogO.....
#..........####(go#.......
#..####.......#####.......
#..#..).)..)...........###
#..#..#...@O)..........'
#..####..##)#...####...#
#~.......#..#...# ...#
#≈~~~....#..#...# ..g.
#≈≈≈~....####...#
#≈≈~~...... .....
#≈≈≈.~~~~~...~....
#≈≈≈~~≈≈≈≈~.≈≈~~≈~≈
#≈≈≈≈≈~≈≈≈~≈≈≈≈≈≈≈≈≈


You could see an ogre.


Message History

You squash the ogre like an ant!
The ogre is almost dead!
The ogre barely misses you!
You pummel the ogre like a punching bag!!!!!!
You annihilate the ogre!!!
The ogre closely misses you!
The ogre hits you with a +0 giant spiked club!!! * * * don't die
* * *
Okay, then!
You feel better! The ogre hits you but does no damage!
The ogre hits you with a +0 giant spiked club!!! * * * don't die
* * *
Aiming: Mindburst
Press: ? - help, Shift-Dir - straight line, f - ogre
Aim: an ogre, wielding a +0 giant club (chance to affect: 79%)
The ogre's mind is blasted!!!!!!
Aiming: Mindburst
Press: ? - help, Shift-Dir - straight line, f/p - ogre
Aim: an ogre, wielding a +0 giant club (severely wounded, chance to affect: 79%)
The ogre's mind is blasted!!!!!!
You blow up the ogre!!!
The ogre hits you with a +0 giant spiked club!!! * * * don't die
* * * Your Armour skill increases to level 9!!!
Aiming: Mindburst
Press: ? - help, Shift-Dir - straight line, f - ogre
Aim: an ogre, wielding a +0 giant spiked club (chance to affect: 79%)
The ogre's mind is blasted!!!
The ogre hits you with a +0 giant spiked club!!! rip

Skill      XL: |  1  2  3  4  5  6  7  8  9 10 11 |
---------------+----------------------------------+-----
Fighting       | 3 4 5 6 7 9 10 11 | 11.2
Unarmed Combat | 4 5 6 8 10 12 | 12.1
Armour         | 2 4 6 8 9 |  9.0
Evocations     | 1 3 4 |  4.0
Stealth        | 3 |  3.4
Dodging        | |  1.5
Spellcasting   | |  2.0
Conjurations   | |  3.2

Action                     |  1- 3 |  4- 6 |  7- 9 | 10-12 || total
---------------------------+-------+-------+-------+-------++-------
  Melee: Unarmed           |    53 |       |   172 |   516 ||   741
         Punch             |     3 |     7 |     1 |       ||    11
         Dagger            |    42 |   263 |    50 |       ||   355
         Spear             |       |       |    32 |       ||    32
         Long sword        |       |       |    85 |    45 ||   130
   Fire: Sling             |    15 |       |    45 |       ||    60
  Throw: Dart              |       |       |    24 |     1 ||    25
  Evoke: Wand              |       |     4 |    32 |    32 ||    68
    Use: Potion            |     1 |     2 |     1 |     3 ||     7
         Scroll            |       |     2 |     3 |     7 ||    12
   Stab: Paralysed         |       |       |       |     3 ||     3
 Armour: Leather armour    |    57 |   102 |       |       ||   159
         Ring mail         |       |    30 |    11 |       ||    41
         Chain mail        |       |       |   361 |   388 ||   749
         Plate armour      |       |       |       |   178 ||   178
  Dodge: Dodged            |    47 |   123 |   184 |   205 ||   559
  Block: Buckler           |       |       |    36 |    61 ||    97

Levels and vault maps discovered:
D:1:      shiori_arrival_oz, layout_loops_ring
D:2:      wad_woods_stonehenge, layout_basic, serial_co_window_serial,
          co_window_of_opportunity_a, co_window_corner_a, co_window_corner_a,
          co_window_corner_a, co_window_paths_a, co_window_corner_b,
          co_window_unsneaky_path_b, co_window_of_opportunity_c,
          glass_columns_a, glass_columns_c, uniq_robin
D:3:      layout_basic, grunt_gozag_breadcrumbs,
          dreamdust_ecumenical_altar_grove, biasface_ghost_orc_armoury,
          amethyst_killhole, uniq_grinder
D:4:      layout_basic, mainiacjoe_overflow_alcove_2, uniq_ijyb
D:5:      layout_cave_pods, vehumet_crystals, dreamdust_wishing_well,
          st_stairs_10, nicolae_grassy_gnolls
D:6:      layout_basic
D:7:      layout_layer_cave, lemuel_tele_altar,
          mainiacjoe_overflow_catwalk_spiral,
          mainiacjoe_overflow_concentric_impassable,
          minmay_temple_entry_purple_smoke, uniq_maggie
D:8:      minmay_diamond_stairs, layout_basic, dk_vineyard_2
D:9:      layout_rooms, nicolae_wu_jian_wuxing_cycle, erik_lair_orcish_takeover,
          enter_bailey_5, nicolae_elemental_shop, minivault_16,
          nicolae_transmutations_shop, minmay_librarian
D:10:     kennysheep_seaside_town, layout_rooms, nicolae_overflow_hidden_temple,
          david_orc_2, serial_shops, shop, statue_in_the_mist_lemuel,
          kennysheep_flooded_box, uniq_grum, uniq_gastronok
D:11:     layout_irregular_city, serial_shops, nicolae_shop_overgrown_old_shop,
          shop, uniq_harold
Temple:   nicolae_temple_god_jail

Notes
Turn   | Place    | Note
-------+----------+-------------------------------------------
     0 | D:1      | ShadedKnight the Gargoyle Reaver began the quest for the
                  | Orb.
     0 | D:1      | Reached XP level 1. HP: 12/12 MP: 3/3
   139 | D:1      | Reached XP level 2. HP: 13/18 MP: 5/5
   673 | D:1      | Reached XP level 3. HP: 11/23 MP: 6/6
  1070 | D:2      | Reached XP level 4. HP: 29/29 MP: 7/7
  1184 | D:2      | Noticed Robin
  1570 | D:2      | Reached skill level 4 in Unarmed Combat
  1755 | D:2      | Found an iron altar of Okawaru.
  1800 | D:2      | Reached XP level 5. HP: 33/34 MP: 8/8
  2012 | D:2      | Killed Robin
  2204 | D:2      | Reached skill level 5 in Fighting
  2619 | D:3      | Found a faded altar of an unknown god.
  2745 | D:3      | Noticed Grinder
  2749 | D:3      | Killed Grinder
  2750 | D:3      | Reached XP level 6. HP: 36/41 MP: 9/9
  3097 | D:3      | Found a runed translucent gate.
  3098 | D:3      | Found a runed translucent gate.
  3098 | D:3      | Identified the +5 scale mail of Dogmatism {Dex+4}
  3098 | D:3      | Noticed olddryhag's ghost (amateur GnWn)
  3099 | D:3      | Found a runed translucent gate.
  3441 | D:3      | Found an opulent altar of Gozag.
  3830 | D:3      | Reached XP level 7. HP: 46/46 MP: 10/10
  4049 | D:4      | Reached skill level 1 in Evocations
  4075 | D:4      | Noticed Ijyb
  4077 | D:4      | Killed Ijyb
  4078 | D:4      | Reached skill level 5 in Unarmed Combat
  4130 | D:4      | Noticed a hornet
  4262 | D:4      | Killed a hornet
  4263 | D:4      | Reached XP level 8. HP: 24/52 MP: 11/11
  4458 | D:4      | Found a shimmering blue altar of Sif Muna.
  4993 | D:5      | Entered Level 5 of the Dungeon
  5464 | D:5      | Reached skill level 5 in Armour
  5910 | D:5      | Found a radiant altar of Vehumet.
  6774 | D:6      | Reached skill level 6 in Unarmed Combat
  6856 | D:6      | Reached XP level 9. HP: 50/59 MP: 12/12
  7074 | D:6      | Identified the +3 ring mail of Subjectivity {rC+ Dex+3}
  7131 | D:6      | Identified the +10 long sword of Darkness {drain, rN+ SInv}
  7291 | D:7      | Found a hide-covered altar of Uskayaw.
  7294 | D:7      | Found a glowing silver altar of Zin.
  7403 | D:7      | Reached skill level 7 in Unarmed Combat
  7423 | D:7      | Found an ancient bone altar of Kikubaaqudgha.
  7673 | D:7      | Identified the +2 falchion of Incongruity {venom, rElec
                  | Dex+3 Stlth-}
  7692 | D:7      | Noticed Maggie
  7700 | D:7      | Killed Maggie
  7956 | D:7      | Found a staircase to the Ecumenical Temple.
  7965 | Temple   | Entered the Ecumenical Temple
  7980 | D:7      | Found a basalt altar of Yredelemnul.
  8689 | D:8      | Noticed a five-headed hydra
  8806 | D:8      | Noticed a two-headed ogre
  8806 | D:8      | Noticed a red ugly thing
  8819 | D:8      | Killed a two-headed ogre
  8820 | D:8      | Reached skill level 8 in Unarmed Combat
  8820 | D:8      | Reached XP level 10. HP: 61/66 MP: 13/13
  8832 | D:8      | Killed a red ugly thing
  8852 | D:7      | Reached skill level 9 in Unarmed Combat
  9762 | D:9      | Reached skill level 1 in Stealth
  9796 | D:9      | Found a staircase to the Lair.
 10067 | D:9      | Reached skill level 10 in Unarmed Combat
 10086 | D:9      | Found Estre's Elemental Accessories.
 10100 | D:9      | Found Itwops's Changing Room.
 10116 | D:9      | Upgraded the game from 0.31-a0-1074-g0b22e4e0f1 to
                  | 0.31-a0-1172-g9944ec47dd
 10177 | D:9      | Reached skill level 10 in Fighting
 10210 | D:9      | Found an ornate altar of the Wu Jian Council.
 10255 | D:9      | Noticed an orange crystal statue
 10394 | D:9      | Reached XP level 11. HP: 45/72 MP: 14/14
 10586 | D:9      | Reached skill level 11 in Unarmed Combat
 10809 | D:10     | Entered Level 10 of the Dungeon
 10938 | D:10     | Noticed Grum
 11229 | D:10     | Found Igafen's Book Shoppe.
 11231 | D:10     | Identified the +2 robe of Repulsion {rC+ Str+3 Int+3}
 11256 | D:10     | Killed Grum
 11279 | D:10     | Found a sacrificial altar of Ru.
 11354 | D:11     | Noticed a boulder beetle
 11656 | D:10     | Found a staircase to the Orcish Mines.
 11865 | D:10     | Noticed Gastronok
 12236 | D:11     | Killed a boulder beetle
 12305 | D:11     | Noticed Harold
 12330 | D:10     | Became a worshipper of Ru the Awakened
 12372 | D:10     | Reached skill level 12 in Unarmed Combat
 12517 | D:10     | Slain by an ogre

Vanquished Creatures
  A boulder beetle (D:11)
  A two-headed ogre (D:8)
  An ugly thing (D:8)
  A naga mage (D:9)
  A gargoyle (D:11)
  Maggie (D:7)
  A komodo dragon (D:10)
  2 hornets
  2 trolls (D:10)
  Grinder (D:3)
  2 shadows
  6 yaks (D:9)
  3 wraiths
  A wyvern (D:10)
  Grum (D:10)
  A vampire mosquito (D:7)
  3 wargs (D:9)
  5 orc warriors
  A black bear (D:6)
  7 ogres
  2 wolves (D:9)
  A phantom (D:5)
  3 centaurs
  3 kobold brigands
  4 bullfrogs
  6 scorpions
  7 wights
  17 killer bees
  2 howler monkeys
  3 orc priests
  2 hounds
  3 jellies
  5 gnoll boudas
  3 iguanas
  Ijyb (D:4)
  16 orc wizards
  Robin (D:2)
  17 gnolls
  12 adders
  A shadow imp (D:6)
  3 white imps
  A worm (D:2)
  5 dart slugs
  44 orcs
  7 endoplasms
  3 giant cockroaches
  22 goblins
  9 hobgoblins
  6 jackals
  16 kobolds
  8 quokkas
  10 ball pythons
  2 bats (D:1)
  6 frilled lizards
  7 rats
300 creatures vanquished.

Table legend: (Time is in decaauts)
 A = Elapsed time spent in this place.
 B = Non-inter-level travel time spent in this place.
 C = Inter-level travel time spent in this place.
 D = Time resting spent in this place.
 E = Time spent auto-exploring this place.
 F = Levels seen in this place.
 G = Mean time per level.
                   A        B        C        D        E       F      G
               +--------+--------+--------+--------+--------+-----+--------+
         Total |  12537 |  12021 |    516 |   2260 |   4720 |  12 | 1044.8 |
       Dungeon |  12535 |  12019 |    516 |   2260 |   4720 |  11 | 1139.5 |
        Temple |      1 |      1 |      0 |      0 |      0 |   1 |    1.0 |
               +--------+--------+--------+--------+--------+-----+--------+

Top non-repeatable levels by time:
     D:2: 1736 daAuts
     D:7: 1702 daAuts
     D:5: 1519 daAuts
     D:3: 1301 daAuts
     D:4: 1166 daAuts
    D:10: 1086 daAuts
     D:9: 1085 daAuts
     D:8: 978 daAuts
     D:1: 883 daAuts
     D:6: 679 daAuts
    D:11: 398 daAuts
  Temple: 1 daAuts

Table legend:
 A = Non-vault XP
 B = Vault XP
 C = Vault XP percentage of total XP
 D = Non-vault monster count
 E = Vault monster count
 F = Vault count percentage of total count
                 A         B        C        D         E       F
            +---------+---------+-------+---------+---------+-------
      Total |   10326 |    5548 |  35.0 |     220 |      80 |  26.7
            +---------+---------+-------+---------+---------+-------
        D:1 |      53 |       4 |   7.0 |      26 |       2 |   7.1
        D:2 |     130 |      80 |  38.1 |      31 |      21 |  40.4
        D:3 |      73 |     281 |  79.4 |      12 |       1 |   7.7
        D:4 |     661 |      36 |   5.2 |      22 |       1 |   4.3
        D:5 |     457 |      95 |  17.2 |      13 |       6 |  31.6
        D:6 |    1010 |       0 |   0.0 |      24 |       0 |   0.0
        D:7 |    1158 |     768 |  39.9 |      27 |       3 |  10.0
        D:8 |     362 |    1589 |  81.4 |      16 |       3 |  15.8
        D:9 |    2616 |    1299 |  33.2 |      29 |      15 |  34.1
       D:10 |    2022 |    1396 |  40.8 |      12 |      28 |  70.0
       D:11 |    1784 |       0 |   0.0 |       8 |       0 |   0.0
            +---------+---------+-------+---------+---------+-------
